 Dungeon Crawl Stone Soup version 0.13.0-18-g7b03ea5 (webtiles) character file.

341 Kejsarherre the Cudgeler (level 4, -2/42 HPs)
             Began as an Ogre Wanderer on Oct 23, 2013.
             Slain by a warg (8 damage)
             ... on Level 5 of the Dungeon.
             The game lasted 00:04:53 (2845 turns).

Kejsarherre the Cudgeler (Ogre Wanderer)            Turns: 2845, Time: 00:04:54

HP  -2/42        AC  3     Str 19      XL: 4   Next: 60%
MP   4/4         EV  9     Int  9      God:
Gold 249         SH  0     Dex 10      Spells:  0 memorised,  3 levels left

Res.Fire  : . . .   See Invis. : .   d - -1,+0 orc flail
Res.Cold  : + . .   Warding    : .   b - +0 robe
Life Prot.: . . .   Conserve   : .   (shield restricted)
Res.Poison: +       Res.Corr.  : .   (helmet restricted)
Res.Elec. : .       Clarity    : .   (no cloak)
Sust.Abil.: . .     Spirit.Shd : .   (gloves unavailable)
Res.Mut.  : .       Stasis     : .   (boots unavailable)
Res.Rott. : .       Flight     : .   (no amulet)
Saprovore : + . .                    q - ring of protection from cold {unknown}
                                     x - ring of poison resistance {unknown}

@: slightly resistant to hostile enchantments, unstealthy
A: unfitting armour, fast metabolism 1, saprovore 1, tough skin 1
a: no special abilities


You were on level 5 of the Dungeon.
You were hungry.

You visited 1 branch of the dungeon, and saw 5 of its levels.

You collected 199 gold pieces.

Inventory:

Hand weapons
 d - a -1,+0 orcish flail (weapon)
 z - a +0,+0 mace
Armour
 b - a +0 robe (worn)
Magical devices
 u - a wand of random effects (0)
Comestibles
 f - 4 meat rations
 h - 2 chokos
 r - 2 pears
 w - a bread ration
Scrolls
 g - 2 scrolls of fog {unknown}
 j - a scroll of enchant weapon I {unknown}
 k - 3 scrolls of identify {unknown}
 m - 2 scrolls of remove curse {unknown}
 t - a scroll of magic mapping {unknown}
 v - 2 scrolls of teleportation {unknown}
 y - a scroll of random uselessness {unknown}
Jewellery
 q - a ring of protection from cold (right hand) {unknown}
 x - a ring of poison resistance (left hand) {unknown}
Potions
 a - a potion of speed
 c - a potion of heal wounds {unknown}
 e - a potion of flight {unknown}
 i - a potion of paralysis {unknown}
 l - 3 potions of curing
 n - a potion of agility {unknown}
 o - a potion of might {unknown}
 p - a potion of mutation {unknown}
 s - 2 potions of brilliance {unknown}
 A - 3 potions of cure mutation {unknown}


   Skills:
 - Level 5.3 Fighting
 + Level 5.4 Maces & Flails
 - Level 1.0 Dodging
 - Level 1.5 Stealth
 - Level 1.7 Unarmed Combat
   Level 1.0 Invocations


You had 3 spell levels left.
You didn't know any spells.

Dungeon Overview and Level Annotations

Branches:
Dungeon (5/27)
 Temple: D:4-7

Altars:
Elyvilon
Yredelemnul

Annotations:
D:3 Malachi's ghost, average TrWz


Innate Abilities, Weirdness & Mutations

You are too large for most types of armour.
You have a fast metabolism.
You can tolerate rotten meat.
You have tough skin (AC +1).


Message History

The warg is severely wounded.
The warg completely misses you. The warg barely misses you.
The warg claws you but does no damage. The warg bites you. The warg claws you.
The warg claws you but does no damage.
You hit the warg.
The warg is almost dead.
The warg closely misses you. The warg claws you.
* * * LOW HITPOINT WARNING * * *
The warg claws you but does no damage.
A hungry ghost opens the door.
You are too injured to fight recklessly!
You are too injured to fight recklessly!
You are too injured to fight recklessly!
You closely miss the warg.
The warg is almost dead.
The warg bites you.
* * * LOW HITPOINT WARNING * * *
The warg claws you.
* * * LOW HITPOINT WARNING * * *
The warg closely misses you. The warg bites you!
You die...

############
#..........#
+..........#
#.....h@...#
#.....)....#
#..........p.'.
#........).###.
#..........#
..........#
.........#
........# ###


You could see a hungry ghost and a warg.

Vanquished Creatures
  A worker ant (D:3)
  An adder (D:2)
  A giant mite (D:3)
  4 giant geckos
  An orc (D:3)
  4 giant cockroaches (D:1)
  7 hobgoblins
  A quokka (D:2)
  5 bats
  7 giant newts
  10 goblins
  5 kobolds
  7 rats
54 creatures vanquished.

Notes
Turn   | Place    | Note
--------------------------------------------------------------
     0 | D:1      | Kejsarherre, the Ogre Wanderer, began the quest for the Orb.
     0 | D:1      | Reached XP level 1. HP: 18/18 MP: 1/1
    14 | D:1      | Reached skill level 1 in Maces & Flails
   561 | D:1      | Reached XP level 2. HP: 22/27 MP: 2/2
  1313 | D:2      | Reached XP level 3. HP: 33/33 MP: 3/3
  2374 | D:3      | Reached skill level 5 in Maces & Flails
  2374 | D:3      | Reached XP level 4. HP: 40/42 MP: 4/4
  2507 | D:3      | Found a basalt altar of Yredelemnul.
  2778 | D:3      | Noticed Malachi's ghost (average TrWz)
  2826 | D:4      | Found a white marble altar of Elyvilon.
  2837 | D:5      | Entered Level 5 of the Dungeon
  2840 | D:5      | Noticed a warg
  2840 | D:5      | a hound changed into a warg
  2845 | D:5      | Noticed a hungry ghost
  2845 | D:5      | Slain by a warg

Action                   |  1- 3 |  4- 6 || total
-------------------------+-------+-------++-------
Melee: Club              |   193 |       ||   193
       Mace              |    10 |    10 ||    20
       Flail             |       |    10 ||    10
Evoke: Wand              |     4 |     3 ||     7
 Stab: Sleeping          |     1 |     1 ||     2
